 Dungeon Crawl Stone Soup version 0.26.1-2-gb8aa6d0cf2 (webtiles) character file.

Game seed: 8518534003232887342

313 MalarOregon the Slinger (level 6, -1/42 HPs)
             Began as a Halfling Hunter on Mar 29, 2021.
             Was an Initiate of Ashenzari.
             Slain by a lemure (5 damage)
             ... led by Pikel
             ... on level 4 of the Dungeon.
             The game lasted 00:07:29 (4018 turns).

MalarOregon the Slinger (Halfling Hunter)           Turns: 4018, Time: 00:07:30

Health: -1/42      AC:  7    Str: 13    XL:     6   Next: 71%
Magic:  6/6        EV: 12    Int: 11    God:    Ashenzari [......]
Gold:   162        SH:  0    Dex: 15    Spells: 5/5 levels left

rFire    . . .     SeeInvis .   a - +1 hunting sling (curse)
rCold    . . .     Faith    .   (shield restricted)
rNeg     . . .     Spirit   .   h - +0 scale mail
rPois    .         Reflect  .   (no helmet)
rElec    .         Harm     .   (no cloak)
rCorr    .         Rampage  .   (no gloves)
Will     .....                  c - +0 pair of boots
Stlth    +.........             (no amulet)
HPRegen  0.14/turn              (no ring)
MPRegen  0.10/turn              (no ring)

@: no status effects
A: small, mutation resistance 1
a: Renounce Religion, Curse Item


You were on level 4 of the Dungeon.
You worshipped Ashenzari.
Ashenzari was noncommittal.
You visited 1 branch of the dungeon, and saw 4 of its levels.

You collected 162 gold pieces.

Inventory:

Hand Weapons
 a - a cursed +1 hunting sling (weapon)
Missiles
 e - 11 stones (quivered ammo)
 m - 2 boomerangs (quivered)
Armour
 c - a +0 pair of boots (worn)
   (You found it on level 1 of the Dungeon)
 h - a +0 scale mail (worn)
   (You found it on level 1 of the Dungeon)
Scrolls
 b - a scroll of remove curse {@r2}
 g - 2 scrolls of fog
 j - a scroll of amnesia
 k - 3 scrolls of immolation {!r}
 l - a scroll of teleportation {unknown}
 p - a scroll of enchant armour {unknown}
 r - a scroll of magic mapping {unknown}
 u - a scroll of fear {unknown}
Potions
 f - a potion of berserk rage {unknown}
 i - a potion of curing {@q1}
 o - a potion of degeneration {unknown}
 s - a potion of haste {unknown}
 t - a potion of invisibility


   Skills:
 + Level 3.0 Fighting
 - Level 2.0 Short Blades
 * Level 8.0 Slings
 + Level 2.6 Armour
 - Level 2.1 Dodging
 + Level 3.1 Stealth


You had 5 spell levels left.
You didn't know any spells.
Your spell library was empty.

Dungeon Overview and Level Annotations

Branches:
Dungeon (4/15)
 Temple: D:4-7

Altars:
Ashenzari
Gozag
Xom
The Shining One

Annotations:
D:3 3 runed translucent doors, ZZKoverts's ghost, amateur OpBr
D:4 Pikel


Innate Abilities, Weirdness & Mutations

You are small and have problems with some larger weapons.
You are somewhat resistant to further mutation.


Message History

A lemure comes into view.
Throw: boomerang (disperse) {!f}
Aim: Pikel, wielding a +1 whip of freezing and wearing a +0 robe (moderately wounded, 51% to hit)
You throw a boomerang of dispersal {!f}.
The lemure shouts!
The boomerang of dispersal {!f} hits Pikel.
Pikel blinks!
Fire: 18 stones
Aim: Pikel, wielding a +1 whip of freezing and wearing a +0 robe (heavily wounded, 59% to hit)
You shoot a stone. The stone closely misses Pikel.
Fire: 17 stones
Aim: Pikel, wielding a +1 whip of freezing and wearing a +0 robe (heavily wounded, 59% to hit)
You shoot a stone. The stone completely misses Pikel.
The lemure closely misses you.
Fire: 16 stones
Aim: Pikel, wielding a +1 whip of freezing and wearing a +0 robe (heavily wounded, 58% to hit)
You shoot a stone. The stone hits Pikel.
The lemure hits you.
* * * LOW HITPOINT WARNING * * *
Fire: 15 stones
Aim: Pikel, wielding a +1 whip of freezing and wearing a +0 robe (severely wounded, 59% to hit)
You shoot a stone.
The stone hits Pikel but does no damage.
The lemure hits you.
* * * LOW HITPOINT WARNING * * *
Throw: 2 boomerangs
Aim: Pikel, wielding a +1 whip of freezing and wearing a +0 robe (severely wounded, 53% to hit)
You throw a boomerang. The boomerang hits Pikel.
The lemure completely misses you. The lemure hits you but does no damage.
The lemure closely misses you.
Fire: 14 stones
Aim: Pikel, wielding a +1 whip of freezing and wearing a +0 robe (severely wounded, 59% to hit)
You shoot a stone. The stone hits Pikel.
The lemure closely misses you.
Fire: 13 stones
Aim: Pikel, wielding a +1 whip of freezing and wearing a +0 robe (severely wounded, 59% to hit)
You shoot a stone. The stone barely misses Pikel.
The lemure barely misses you.
Pikel hits you with a +1 whip of freezing.
* * * LOW HITPOINT WARNING * * *
Pikel freezes you.
* * * LOW HITPOINT WARNING * * *
Unknown command.
Fire: 12 stones
Aim: Pikel, wielding a +1 whip of freezing and wearing a +0 robe (severely wounded, 59% to hit)
You shoot a stone.
The stone hits Pikel but does no damage.
The lemure hits you.
* * * LOW HITPOINT WARNING * * *
The lemure hits you.
* * * LOW HITPOINT WARNING * * *
The lemure hits you.
You die...

#.(.......(.
##..........#
#.........((#
##........(..# ....#
.............## ..>..
.........(....##.....
........K............
..$..>.@5.....(......
..?....55............
.........(........# .
...........((...## ...
...........((####.....
...........##((.......
...........#...##.5...
.......#..##..## ...
....###..##.##


K You could see Pikel and 3 lemures.

Vanquished Creatures
  A lemure (D:4)
  An orc priest (D:3)
  An orc wizard (D:3)
  An iguana (D:4)
  Natasha (thrice) (D:2)
  5 adders
  An ooze (D:1)
  2 dart slugs (D:2)
  2 leopard geckos
  13 orcs (D:3)
  A giant cockroach (D:3)
  8 goblins
  8 hobgoblins
  8 jackals
  8 kobolds
  2 quokkas (D:2)
  3 ball pythons
  9 bats
  6 frilled lizards
  7 rats
90 creatures vanquished.

Notes
Turn   | Place    | Note
-------+----------+-------------------------------------------
     0 | D:1      | MalarOregon the Halfling Hunter began the quest for the
                  | Orb.
     0 | D:1      | Reached XP level 1. HP: 14/14 MP: 1/1
   107 | D:1      | Reached skill level 6 in Slings
   128 | D:1      | Reached XP level 2. HP: 19/19 MP: 2/2
   378 | D:1      | Reached XP level 3. HP: 14/24 MP: 3/3
   567 | D:1      | Reached skill level 1 in Armour
  1032 | D:2      | Reached skill level 1 in Short Blades
  1240 | D:2      | Reached XP level 4. HP: 29/29 MP: 4/4
  1263 | D:2      | Found a broken altar of Ashenzari.
  1376 | D:2      | Noticed Natasha
  1383 | D:2      | Killed Natasha
  1585 | D:2      | Noticed Natasha
  1591 | D:2      | Killed Natasha
  1592 | D:2      | Reached XP level 5. HP: 35/35 MP: 5/5
  1620 | D:2      | Noticed Natasha
  1638 | D:2      | Killed Natasha
  1639 | D:2      | Reached skill level 7 in Slings
  1822 | D:2      | Became a worshipper of Ashenzari the Shackled
  1916 | D:2      | Found a shimmering altar of Xom.
  2029 | D:2      | Found an opulent altar of Gozag.
  2209 | D:3      | Reached XP level 6. HP: 16/41 MP: 6/6
  2705 | D:3      | Found a runed translucent gate.
  2705 | D:3      | Found a runed translucent gate.
  2705 | D:3      | Found a runed translucent gate.
  2706 | D:3      | Noticed ZZKoverts's ghost (amateur OpBr)
  3172 | D:3      | Found a glowing golden altar of the Shining One.
  3753 | D:4      | Reached skill level 8 in Slings
  3946 | D:4      | Noticed Pikel
  4018 | D:4      | Slain by a lemure

Illustrated notes

Levels and vault maps discovered:
D:1:      nzn_arrival_water_spiral, layout_basic
D:2:      layout_rooms, marbit_many_paths, lemuel_crystal_altar,
          lemuel_coloured_pillars_altar, hex_large, st_stairs_1, uniq_natasha
D:3:      layout_basic, lemuel_round_altar, gammafunk_ghost_split
D:4:      layout_cave_pools, grunt_temple_overflow_cloverleaf, uniq_eustachio,
          uniq_pikel

Skill      XL: |  1  2  3  4  5  6 |
---------------+-------------------+-----
Slings         | 6 7 8 |  8.0
Fighting       | 2 3 |  3.0
Armour         | 1 2 |  2.6
Short Blades   | 1 2 |  2.0
Stealth        | 2 3 |  3.1
Dodging        | |  2.1

Action                   |  1- 3 |  4- 6 || total
-------------------------+-------+-------++-------
Melee: Short sword       |   117 |    14 ||   131
 Fire: Hunting sling     |     5 |   262 ||   267
Throw: Boomerang         |       |     3 ||     3
Invok: Curse Item        |       |     1 ||     1
  Use: Scroll            |       |     5 ||     5
 Stab: Sleeping          |     1 |       ||     1
Armor: Scale mail        |    54 |    45 ||    99
Dodge: Dodged            |    96 |    82 ||   178
